Unix NetHack Version 3.7.0-94 Work-in-progress - last build Dec 18 2023 00:11:04 (7e3deff068b9ef4f2ebb9a71ea0f5c4a3b578a14,branch:master). Game began 2023-12-25 11:24:59, ended 2023-12-25 11:51:06. proxxiSWE, lawful male human Archeologist ############ ---- ----- -------- [------- ...----- |... ....| |.......########|.....| ......`.## |...|## |...| |>[....| #......| ##.......|### .....#####-..<| |.......########|....)| #d........## ---+-# -.-.- ----.--- -.---%- # e@f....*..#### # # ## ## ####r ..-....- # # # # # #`*## ## # # # ## #### # # ### # -.----.-### # #################---.-- # |......|## # #---.------ #..{..| # |..*....#* # #|........| |....| # |......|### ## ####.........| |....| # |.......# * # ###|...(....| .....| # |.......* ###`## # |........| |....| -------.---- --..-...# # `## ####### |........| |....| |...........########*#####*#############`#### ---------- ------ |..........| #*##**# ** ####### `# ------------ `#*# ProxxiSWE the Field Worker St:16 Dx:10 Co:18 In:9 Wi:16 Ch:7 Lawful S:3544 Dlvl:4 $:2218 HP:0(46) Pw:21(21) AC:2 Xp:5/264 T:5258 Burdened Latest messages: The little dog picks up a rock. The little dog drops a rock. You see here 5 rocks. You hear water falling on coins. You hit the floating eye! You are frozen by the floating eye's gaze! The giant rat bites! The giant rat bites! The giant rat misses! The giant rat misses! The giant rat bites! The giant rat just misses! The giant rat bites! The giant rat bites! The giant rat bites! The giant rat bites! The giant rat bites! The giant rat bites! The giant rat bites! The giant rat bites! The giant rat bites! The giant rat bites! The giant rat bites! The giant rat bites! The giant rat bites! The giant rat bites! The little dog misses the floating eye. The little dog is frozen by the floating eye's gaze! The giant rat just misses! The giant rat bites! You hear crashing rock. The giant rat bites! The giant rat bites! The giant rat misses! The giant rat bites! The giant rat misses! The giant rat bites! The giant rat bites! The giant rat bites! The giant rat bites! The giant rat misses! The giant rat just misses! The giant rat just misses! The giant rat bites! The giant rat bites! The giant rat bites! The giant rat bites! You die... Do you want your possessions identified? [ynq] (y) y Do you want to see your attributes? [ynq] (y) q Inventory: Coins $ - 2218 gold pieces Weapons a - a +2 bullwhip Armor X - an uncursed +0 orcish helm (being worn) d - an uncursed +0 pair of iron shoes (being worn) e - an uncursed +0 dwarvish cloak (being worn) v - an uncursed +0 chain mail (being worn) Comestibles K - an uncursed egg Scrolls k - an uncursed scroll of enchant weapon c - an uncursed scroll of identify l - an uncursed scroll of light n - an uncursed scroll of teleportation named telep?telep? Spellbooks I - an uncursed spellbook of force bolt Potions b - a blessed potion of blindness H - an uncursed potion of confusion J - 2 uncursed potions of healing R - an uncursed potion of speed z - 6 uncursed potions of water Rings O - an uncursed +2 ring of gain strength Tools B - an empty uncursed sack j - a magic flute (0:4) m - a blessed oil lamp p - a +0 pick-axe (weapon in right hand) i - an uncursed tin opener U - an uncursed tin whistle s - a cursed tin whistle f - a tinning kit (0:30) Gems/Stones T - an uncursed agate stone o - 2 uncursed aquamarine stones Z - an uncursed topaz stone N - an uncursed luckstone t - an uncursed touchstone ProxxiSWE the Archeologist's attributes: Background: You were a Field Worker, a level 5 male human Archeologist. You were lawful, nominally on a mission for Quetzalcoatl who was opposed by Camaxtli (neutral) and Huhetotl (chaotic). You were right-handed. You were in the Dungeons of Doom, on level 4. You entered the dungeon 5258 turns ago. You had 264 experience points, 56 more were needed to attain level 6. Your score was 3544 before end-of-game adjustments. Basics: You had 0 out of 46 hit points. You had all 21 energy points (spell power). Your armor class was 2. Your wallet contained 2218 zorkmids. Autopickup was on for '$!?/="' plus thrown. Final Characteristics: Your strength was 16 (limit:18/100). Your dexterity was 10 (limit:18). Your constitution was 18 (limit:18). Your intelligence was 9 (limit:18). Your wisdom was 16 (limit:18). Your charisma was 7 (limit:18). Final Status: You weren't hungry. You were burdened; movement was slightly slowed. You were wielding a pick-axe. You were skilled in pick-axe. Final Attributes: You were piously aligned. Your items were somewhat protected from fire. Your items were somewhat protected from cold. You had automatic searching. You were stealthy. You were warded. You were lucky. You had extra luck. Bad luck did not time out for you. Good luck did not time out for you. You are dead. Miscellaneous: You never encountered a bones level. Total elapsed playing time was 26 minutes and 6 seconds. Major events: Turn 1: proxxiSWE the lawful male human Archeologist entered the dungeon 1143: entered the Gnomish Mines 1788: attained the rank of Field Worker (level 3) 5258: killed by a giant rat, while frozen by a floating eye's gaze Vanquished creatures: an imp an orc shaman a rock piercer a fog cloud a straw golem 2 little dogs a floating eye a dwarf 2 rothes a rabid rat a giant bat a werejackal an iguana an acid blob 2 gas spores 2 hobbits a large kobold 2 hobgoblins 3 giant rats 4 cave spiders a brown mold a yellow mold 13 garter snakes 2 gnome zombies 4 geckos 8 jackals 2 foxes a kobold 3 goblins 8 grid bugs 2 bats 3 lichens a kobold zombie 6 newts 85 creatures vanquished. No species were genocided or became extinct. Voluntary challenges: You were an atheist. You read items or engraved 3 times. You engraved Elbereth 2 times. You never genocided any monsters. You never polymorphed an object. You never changed form. You used no wishes. Achievements: You entered the Gnomish Mines. You entered a shop. You attained the rank of Field Worker. The Dungeons of Doom: levels 1 to 6 Level 1: Some fountains. Level 2: A potion shop. Stairs down to The Gnomish Mines. Level 3: A fountain. Level 4: <- You were here. A fountain. Final resting place for you, killed by a giant rat, while frozen by a floating eye's gaze. Level 5: Many fountains. Level 6: The Gnomish Mines: Level 3: Game over: ---------- / \ / REST \ / IN \ / PEACE \ / \ | proxxiSWE | | 2218 Au | | killed by a | | giant rat | | | | | | 2023 | *| * * * | * _________)/\\_//(\/(/\)/\//\/|_)_______ Goodbye proxxiSWE the Archeologist... You died in The Dungeons of Doom on dungeon level 4 with 3323 points, and 2218 pieces of gold, after 5258 moves. You were level 5 with a maximum of 46 hit points when you died.